 Dungeon Crawl Stone Soup version 0.19.0-2-gae57169 (webtiles) character file.

165 Inkary the Skirmisher (level 5, -1/34 HPs)
             Began as a Gargoyle Fighter on Nov 5, 2016.
             Was an Initiate of Trog.
             Slain by an ogre
             ... wielding a +0 giant spiked club
              (22 damage)
             ... on level 4 of the Dungeon.
             The game lasted 00:04:16 (1917 turns).

Inkary the Skirmisher (Gargoyle Fighter)            Turns: 1917, Time: 00:04:17

Health: -1/34      AC: 10    Str: 20    XL:     5   Next: 46%
Magic:  5/5        EV:  7    Int:  9    God:    Trog [......]
Gold:   153        SH:  9    Dex:  9    Spells: 0 memorised, 4 levels left

rFire  . . .     SeeInvis .     a - +0 flail
rCold  . . .     Gourm    .     b - +0 scale mail
rNeg   + . .     Faith    .     c - +0 shield
rPois  ∞         Spirit   .     (no helmet)
rElec  +         Reflect  .     (no cloak)
rCorr  +         Harm     .     (no gloves)
MR     .....                    (no boots)
Stlth  ..........               o - amulet of regeneration
                                (no ring)
                                n - ring of resist corrosion

@: no status effects
A: negative energy resistance 1, electricity resistance, unbreathing,
petrification resistance, rot immunity, AC +4
a: Burn Spellbooks, Renounce Religion


You were on level 4 of the Dungeon.
You worshipped Trog.
Trog was noncommittal.
You were not hungry.

You visited 1 branch of the dungeon, and saw 4 of its levels.

You collected 153 gold pieces.

Inventory:

Hand Weapons
 a - a +0 flail (weapon)
Armour
 b - a +0 scale mail (worn)
 c - a +0 shield (worn)
Jewellery
 m - a +4 ring of intelligence {unknown}
 n - a ring of resist corrosion (left hand)
 o - an amulet of regeneration (around neck)
 q - a +3 ring of dexterity {unknown}
Scrolls
 e - a scroll of fear {unknown}
 h - 2 scrolls of enchant armour {unknown}
 i - 3 scrolls of identify {unknown}
 k - a scroll of remove curse {unknown}
 l - a scroll of blinking {unknown}
Potions
 d - a potion of might
 g - a potion of curing {unknown}
 j - 2 potions of heal wounds {unknown}
 r - 3 potions of cure mutation {unknown}
Comestibles
 f - 2 bread rations
 p - 2 royal jellies
 s - a chunk of flesh
 t - a beef jerky


   Skills:
 + Level 4.7 Fighting
 * Level 4.4 Maces & Flails
 - Level 3.2 Armour
 - Level 3.2 Shields


You had 4 spell levels left.
You didn't know any spells.

Dungeon Overview and Level Annotations

Branches:
Dungeon (4/15)
 Temple: D:4-7

Altars:
Dithmenos
Kikubaaqudgha
Makhleb
Sif Muna
Trog
Yredelemnul


Innate Abilities, Weirdness & Mutations

You are resistant to torment.
Your stone body is resilient. (AC +4)
You are immune to poison.
You resist negative energy. (rN+)
You are resistant to electric shocks. (rElec)
You can survive without breathing.
You are immune to petrification.
You are immune to rotting.


Message History

The ogre shouts!
You closely miss the quokka.
The quokka bites you but does no damage.
You hit the quokka but do no damage.
The quokka bites you but does no damage.
Your shield prevents you from hitting the quokka.
The quokka bites you. You block the quokka's attack.
An orc comes into view. It is wielding a dagger.
The orc shouts!
You sock the quokka!
You kill the quokka!
Trog accepts your kill.
An orc priest comes into view. It is wielding a dagger.
The ogre hits you with a giant spiked club!
Found 6 gold pieces.
You sock the ogre!
The ogre is moderately wounded.
The ogre hits you with a giant spiked club!!
Ouch! That really hurt!
You die...

...... ..$
...... .....
....o.#####.....
..............
.o..........
#........#
#.O......#
#..@†....#
#....?...#
#........#
+........+
###........#
#<...........
#############.


You could see an ogre, an orc priest and an orc.

Vanquished Creatures
  Ijyb (D:2)
  4 gnolls (D:3)
  3 adders (D:2)
  3 worms
  A dart slug (D:2)
  2 leopard geckos
  3 orcs (D:3)
  A ball python (D:2)
  2 giant cockroaches
  3 goblins
  7 hobgoblins
  3 jackals (D:1)
  9 kobolds
  A quokka (D:4)
  6 bats
  8 frilled lizards
  9 rats
66 creatures vanquished.

Notes
Turn   | Place    | Note
-------+----------+-------------------------------------------
     0 | D:1      | Inkary the Gargoyle Fighter began the quest for the Orb.
     0 | D:1      | Reached XP level 1. HP: 14/14 MP: 1/1
    90 | D:1      | Reached XP level 2. HP: 19/19 MP: 2/2
   596 | D:1      | Reached XP level 3. HP: 23/24 MP: 3/3
   812 | D:2      | Noticed Ijyb
   833 | D:2      | Killed Ijyb
   833 | D:2      | Reached XP level 4. HP: 23/30 MP: 4/4
   920 | D:2      | Found a bloodstained altar of Trog.
   927 | D:2      | Became a worshipper of Trog the Wrathful
   965 | D:2      | Found a deep blue altar of Sif Muna.
   965 | D:2      | Found a basalt altar of Yredelemnul.
   966 | D:2      | Found an ancient bone altar of Kikubaaqudgha.
   966 | D:2      | Found a burning altar of Makhleb.
   990 | D:2      | Found a shadowy altar of Dithmenos.
  1627 | D:3      | Reached XP level 5. HP: 31/34 MP: 5/5
  1911 | D:4      | Noticed an ogre
  1917 | D:4      | Slain by an ogre

Skill      XL: |  1  2  3  4 |
---------------+-------------+-----
Fighting       | 4 |  4.7
Maces & Flails | 3 4 |  4.4
Armour         | |  3.2
Shields        | |  3.2

Action                   |  1- 3 |  4- 6 || total
-------------------------+-------+-------++-------
Melee: Flail             |   124 |   115 ||   239
  Eat: Chunk             |       |     4 ||     4
Armor: Scale mail        |    92 |    50 ||   142
Dodge: Dodged            |    47 |    31 ||    78
Block: Shield            |   108 |    44 ||   152
